 Dungeon Crawl Stone Soup version 0.26-b1-32-g5d43845318 (webtiles) character file.

Game seed: 17152160505696749190

5179 teolandon225 the Cleaver (level 10, -20/123 (136) HPs)
             Began as a Minotaur Berserker on Jan 5, 2021.
             Was a High Priest of Trog.
             Killed from afar by an orc sorcerer (21 damage)
             ... with a bolt of negative energy
             ... on level 9 of the Dungeon.
             The game lasted 00:14:14 (8984 turns).

teolandon225 the Cleaver (Minotaur Berserker)       Turns: 8984, Time: 00:14:14

HP:   -20/123 (136) AC: 12    Str: 31    XL:     10   Next: 34%
MP:   9/9           EV: 12    Int:  4    God:    Trog [*****.]
Gold: 372           SH:  0    Dex:  9    Spells: 9/9 levels left

rFire    . . .     SeeInvis .   w - +2 executioner's axe (vorpal)
rCold    . . .     Faith    .   (shield currently unavailable)
rNeg     . . .     Spirit   .   p - +1 chain mail of Jugu {Str+5} (curse)
rPois    .         Reflect  .   (helmet restricted)
rElec    .         Harm     .   (no cloak)
rCorr    .         Rampage  .   (no gloves)
Will     .....                  (no boots)
Stlth    ..........             (no amulet)
HPRegen  0.30/turn              (no ring)
MPRegen  0.11/turn              (no ring)

@: berserking, lethally poisoned (-20 -> -22), flying, drained, very quick
A: retaliatory headbutt, horns 2
a: Renounce Religion, Berserk, Trog's Hand, Brothers in Arms


You were on level 9 of the Dungeon.
You worshipped Trog.
Trog was extremely pleased with you.
You visited 1 branch of the dungeon, and saw 9 of its levels.

You collected 372 gold pieces.

Inventory:

Hand Weapons
 a - a +1 hand axe
 w - a +2 vorpal executioner's axe (weapon)
Armour
 b - a +0 animal skin
 e - a +1 chain mail
 p - the cursed +1 chain mail of Jugu (worn) {Str+5}
   (You found it on level 6 of the Dungeon)

   It affects your strength (+5).
   It has a curse placed upon it.
Jewellery
 h - an uncursed ring of willpower {unknown}
 m - an uncursed amulet of reflection {unknown}
Wands
 k - a wand of iceblast (8)
 l - a wand of random effects (17)
 u - a wand of flame (14)
Scrolls
 d - 6 scrolls of identify
 i - 2 scrolls of enchant armour
 n - 3 scrolls of enchant weapon
 q - 3 scrolls of blinking {unknown}
 v - a scroll of torment {unknown}
 x - a scroll of remove curse
Potions
 c - 3 potions of haste
 f - a potion of flight
 j - 4 potions of curing
 o - 2 potions of resistance {unknown}
 r - 2 potions of degeneration {unknown}
 s - a potion of cancellation {unknown}


   Skills:
 + Level 9.0 Fighting
 * Level 12.0 Axes
 + Level 8.6 Armour
 + Level 7.9 Dodging


You had 9 spell levels left.
You didn't know any spells.
Your spell library was empty.

Dungeon Overview and Level Annotations

Branches:
Dungeon (9/15)             Temple (0/1) D:5
   Lair: D:8-11         Orc: D:9-12

Altars:
Dithmenos
Fedhas
Gozag
Nemelex Xobeh
Qazlal
Ru
Sif Muna
Xom
Yredelemnul
Zin

Shops:
D:6 [


Innate Abilities, Weirdness & Mutations

You reflexively headbutt those who attack you in melee.
You have a pair of horns on your head.


Message History

* * * LOW HITPOINT WARNING * * *
You barely miss the killer bee. Your headbutt misses the killer bee.
The killer bee is heavily wounded.
You slash the water moccasin skeleton!
You feel sick.
The killer bee stings you but does no damage.
The water moccasin skeleton closely misses you.
The killer bee barely misses you.
The orc sorcerer points at you and mumbles some strange words.
The bolt of negative energy hits you!!
You feel drained.
* * * LOW HITPOINT WARNING * * *
You slice the water moccasin skeleton!!
You destroy the water moccasin skeleton!
Trog accepts your kill.
You miss the killer bee.
* * * LOW HITPOINT WARNING * * *
You feel sick. The killer bee misses you. The killer bee closely misses you.
Your Axes skill increases to level 12!
The orc sorcerer casts a spell at you. The bolt of negative energy hits you!!
You feel drained.
You die...

............#
..............#
..............#
..............# ....
..............#+###.(..
......................
≈.≈≈≈...............######
#≈≈...@..........#....#
##≈..............#....#
#≈.y............#....#
..4o≈..............#....#
(.$.#≈......#######.#....#
... #≈......'...)<#.#....#
#. ≈≈......#.....#.#....#
≈ ≈≈.......+.....#.#....#
..........#######.'....#


You could see an orc sorcerer, a red devil (summoned) and a killer bee.

Vanquished Creatures
  3 slime creatures (D:9)
  Eustachio (D:4)
  A human (D:4)
  A water moccasin (D:6)
  3 sky beasts
  An ice beast (D:5)
  An orc warrior (D:9)
  A black bear (D:6)
  5 centaurs
  3 ogres
  2 big kobolds
  2 bullfrogs (D:7)
  2 gnoll sergeants
  6 scorpions
  A water moccasin zombie (D:5)
  A water moccasin skeleton (D:9)
  7 killer bees
  10 wights
  A howler monkey (D:6)
  4 electric eels (D:8)
  A centaur zombie (D:6)
  A bullfrog zombie (D:8)
  2 hounds
  6 jellies
  4 orc priests
  A centaur skeleton (D:9)
  Terence (D:2)
  8 orc wizards
  5 worker ants
  2 hound zombies
  A howler monkey skeleton (D:8)
  15 gnolls
  14 adders
  A shadow imp (D:7)
  2 white imps
  An ufetubus (D:5)
  An adder skeleton (D:5)
  2 worms
  A dart slug (D:1)
  3 leopard geckos
  27 orcs
  16 bats
  8 giant cockroaches
  8 goblins
  8 hobgoblins
  7 jackals
  19 kobolds
  3 quokkas
  A ball python (D:2)
  9 frilled lizards
  A jackal skeleton (D:4)
  A leopard gecko zombie (D:6)
  A quokka skeleton (D:5)
  8 rats
245 creatures vanquished.

Vanquished Creatures (collateral kills)
  A sky beast (D:9)
  A bullfrog (D:9)
2 creatures vanquished.

Vanquished Creatures (others)
  7 fungi (D:6)
  22 plants
29 creatures vanquished.

Grand Total: 276 creatures vanquished

Notes
Turn   | Place    | Note
-------+----------+-------------------------------------------
     0 | D:1      | teolandon225 the Minotaur Berserker began the quest for the
                  | Orb.
     0 | D:1      | Reached XP level 1. HP: 19/19 MP: 0/0
   134 | D:1      | Reached XP level 2. HP: 16/27 MP: 1/1
   142 | D:1      | Reached skill level 4 in Axes
   447 | D:1      | Reached XP level 3. HP: 33/33 MP: 2/2
   803 | D:1      | Reached ** piety under Trog
  1161 | D:2      | Noticed Terence
  1169 | D:2      | Killed Terence
  1170 | D:2      | Reached XP level 4. HP: 40/40 MP: 3/3
  1570 | D:3      | Reached skill level 5 in Axes
  1586 | D:3      | Reached *** piety under Trog
  1632 | D:3      | Reached XP level 5. HP: 47/47 MP: 4/4
  2238 | D:3      | Found an opulent altar of Gozag.
  2238 | D:3      | Found a sparkling altar of Nemelex Xobeh.
  2239 | D:3      | Found a shimmering altar of Xom.
  2397 | D:4      | Found a sacrificial altar of Ru.
  2411 | D:4      | Found a shimmering blue altar of Sif Muna.
  2540 | D:4      | Reached XP level 6. HP: 14/55 MP: 5/5
  2822 | D:4      | Noticed Eustachio
  2837 | D:4      | Killed Eustachio
  2838 | D:4      | Reached skill level 5 in Fighting
  2838 | D:4      | Reached skill level 6 in Axes
  2839 | D:4      | Found a runed translucent door.
  2839 | D:4      | Noticed a human
  2845 | D:4      | Found a basalt altar of Yredelemnul.
  3061 | D:4      | Killed a human
  3062 | D:4      | Reached XP level 7. HP: 57/61 MP: 6/6
  3124 | D:5      | Entered Level 5 of the Dungeon
  3142 | D:5      | Reached skill level 7 in Axes
  3208 | D:5      | Found a stormy altar of Qazlal.
  3211 | D:5      | Found a glowing silver altar of Zin.
  3214 | D:5      | Found a blossoming altar of Fedhas.
  3237 | D:5      | Reached **** piety under Trog
  3242 | D:5      | Found a shadowy altar of Dithmenos.
  3325 | D:5      | Reached skill level 5 in Armour
  3383 | D:5      | Found a blossoming altar of Fedhas.
  3559 | D:5      | Reached skill level 8 in Axes
  3559 | D:5      | Reached skill level 5 in Dodging
  3559 | D:5      | Reached XP level 8. HP: 57/70 MP: 7/7
  3565 | D:5      | Found a staircase to the Ecumenical Temple.
  4370 | D:6      | Found Xeyl's Armour Shop.
  4673 | D:6      | Reached skill level 9 in Axes
  4943 | D:6      | Reached XP level 9. HP: 79/79 MP: 8/8
  4947 | D:6      | Reached ***** piety under Trog
  4983 | D:6      | Found the +7 Singing Sword {vorpal, sonic wave}
  5234 | D:6      | Got a shimmering chain mail
  5244 | D:6      | Identified the cursed +1 chain mail of Jugu {Str+5} (You
                  | found it on level 6 of the Dungeon)
  5590 | D:7      | Reached skill level 10 in Axes
  7049 | D:8      | Reached skill level 11 in Axes
  7842 | D:8      | Reached XP level 10. HP: 84/90 MP: 9/9
  8772 | D:9      | Received a gift from Trog
  8969 | D:9      | Noticed an orc sorcerer
  8982 | D:9      | HP: 1/129 [orc sorcerer/bolt of negative energy (32)]
  8984 | D:9      | Reached skill level 12 in Axes
  8984 | D:9      | Killed from afar by an orc sorcerer

Illustrated notes

Levels and vault maps discovered:
D:1:      dpeg_arrival_court, layout_basic, serial_curves, eino_curves_02,
          eino_curves_02
D:2:      layout_basic, uniq_terence
D:3:      layout_basic, gammafunk_temple_overflow_claw, grunt_ministairs_12,
          item_on_display_a
D:4:      layout_rooms, overflow_temple_1_default,
          nicolae_overflow_crystal_walls, grunt_decor_clamped,
          dk_yredelemnul_ordeal, uniq_eustachio
D:5:      layout_loops_corners, grunt_temple_overflow_cloverleaf,
          minmay_temple_entry_wispy, basic_altar, grunt_ministairs_2
D:6:      old_forge, layout_loops_ring, serial_shops, nicolae_shop_stone,
          chequers_jeans, kennysheep_generic_room_5
D:7:      layout_loops_corners
D:8:      layout_basic, serial_bayou_lake_a
D:9:      cheibrodos_wizards_tower, layout_irregular_city

Skill      XL: |  1  2  3  4  5  6  7  8  9 10 |
---------------+-------------------------------+-----
Axes           | 4 5 6 8 9 11 12 | 12.0
Fighting       | 4 5 6 7 8 9 |  9.0
Armour         | 3 4 5 6 8 |  8.6
Dodging        | 3 4 5 6 7 |  7.9

Action                   |  1- 3 |  4- 6 |  7- 9 | 10-12 || total
-------------------------+-------+-------+-------+-------++-------
Melee: Hand axe          |    69 |   119 |   371 |    58 ||   617
       Headbutt          |    11 |    14 |    63 |    15 ||   103
       Executioner's axe |       |       |       |    12 ||    12
Invok: Berserk           |     2 |     2 |    10 |     2 ||    16
       Trog's Hand       |       |     1 |     1 |       ||     2
       Brothers in Arms  |       |       |       |     1 ||     1
  Use: Scroll            |     4 |     3 |     1 |     1 ||     9
       Potion            |       |       |       |     4 ||     4
Armor: Animal skin       |     2 |       |       |       ||     2
       Chain mail        |    42 |    71 |   167 |    33 ||   313
Dodge: Dodged            |    49 |    61 |   164 |    45 ||   319
